 Dungeon Crawl Stone Soup version 0.26.1-11-gd32895ea62 (webtiles) character file.

Game seed: 8285736430725307510

39 Zeld the Vexing (level 3, -3/25 HPs)
             Began as a Vampire Enchanter on June 16, 2021.
             Slain by an adder (4 damage)
             ... on level 2 of the Dungeon.
             The game lasted 00:02:43 (1414 turns).

Zeld the Vexing (Vampire Enchanter)                 Turns: 1414, Time: 00:02:43

Health: -3/25      AC:  2    Str:  7    XL:     3   Next: 26%
Magic:  3/6        EV: 12    Int: 18    God:
Gold:   114        SH:  0    Dex: 14    Spells: 0/6 levels left

rFire    . . .     SeeInvis +   a - +1 dagger
rCold    . . .     Faith    .   (no shield)
rNeg     . . .     Spirit   .   b - +0 robe
rPois    .         Reflect  .   (no helmet)
rElec    .         Harm     .   (no cloak)
rCorr    .         Rampage  .   (no gloves)
Will     .....                  (no boots)
Stlth    +++.......             (no amulet)
HPRegen  0.28/turn              (no ring)
MPRegen  0.10/turn              (no ring)

@: lethally poisoned (-3 -> -7), regenerating quickly
A: fangs 3, see invisible, unbreathing
a: Exsanguinate


You were on level 2 of the Dungeon.
You visited 1 branch of the dungeon, and saw 2 of its levels.

You collected 114 gold pieces.

Inventory:

Hand Weapons
 a - a +1 dagger (weapon)
Armour
 b - a +0 robe (worn)
Jewellery
 e - an uncursed ring of protection from cold {unknown}
Scrolls
 c - 3 scrolls of remove curse {unknown}
 i - a scroll of teleportation {unknown}
 k - a scroll of random uselessness {unknown}
 l - a scroll of identify {unknown}
Potions
 d - a potion of might {unknown}
 f - a potion of attraction {unknown}
 g - a potion of flight {unknown}
 h - a potion of heal wounds {unknown}
 j - 2 potions of curing {unknown}


   Skills:
 + Level 0.6 Fighting
 * Level 2.1 Short Blades
 - Level 2.1 Dodging
 + Level 4.8 Stealth
 + Level 2.1 Spellcasting
 * Level 5.1 Hexes


You couldn't memorise any spells.
You knew the following spells:

 Your Spells              Type           Power        Failure   Level
a - Corona                Hex            22%          2%          1
b - Ensorcelled Hibernat  Hex/Ice        22%          10%         2
c - Confusing Touch       Hex            20%          6%          3

Your spell library contained the following spells:

 Spells                   Type           Power        Failure   Level
 Tukima's Dance           Hex            20%          6%          3
 Dazzling Flash           Conj/Hex       22%          19%         3


Dungeon Overview and Level Annotations

Branches:
Dungeon (2/15)

Altars:
Cheibriados


Innate Abilities, Weirdness & Mutations

Your natural rate of healing is unusually fast.
You have razor-sharp teeth.
You have supernaturally acute eyesight. (SInv)
You can survive without breathing.


Message History

You hit the adder but do no damage.
The adder is moderately wounded.
The adder bites you.
You are poisoned.
The adder poisons you!
You hit the adder. You bite the adder.
The adder is heavily wounded.
You feel sick. The adder bites you.
* * * LOW HITPOINT WARNING * * *
You hit the adder.
The adder is almost dead.
The adder bites you.
* * * LOW HITPOINT WARNING * * *
You are more poisoned.
The adder poisons you!
Unknown command.
Keep bloodletting?
* * * LOW HITPOINT WARNING * * *
You feel sick. The adder bites you.
You die...

### ## #.. .# #.# .#
#########.### .##
#...........# ..# #.#
##S#.# ..# #.#
##.@..###### ..####
#.# #...)......#
.....# #.#
#..(..####.# .....#
#.# #.....#
.....###.#####>....##
...........##.......#
..######.....(......#
..########.##.......#
##................###


You could see an adder (corona).

Vanquished Creatures
  An adder (D:2)
  A dart slug (D:1)
  A leopard gecko (D:1)
  An orc (D:2)
  2 bats (D:2)
  2 giant cockroaches
  3 goblins
  5 hobgoblins
  A frilled lizard (D:1)
  4 kobolds
  4 rats
25 creatures vanquished.

Notes
Turn   | Place    | Note
-------+----------+-------------------------------------------
     0 | D:1      | Zeld the Vampire Enchanter began the quest for the Orb.
     0 | D:1      | Reached XP level 1. HP: 13/13 MP: 3/3
   316 | D:1      | Reached XP level 2. HP: 16/19 MP: 1/5
   319 | D:1      | Learned a level 2 spell: Ensorcelled Hibernation
   802 | D:2      | Found a snail-covered altar of Cheibriados.
  1072 | D:2      | Reached skill level 5 in Hexes
  1196 | D:2      | Reached XP level 3. HP: 25/25 MP: 0/6
  1200 | D:2      | Learned a level 3 spell: Confusing Touch
  1414 | D:2      | HP: 1/25 [poisoned by an adder]
  1414 | D:2      | Slain by an adder

Illustrated notes

Levels and vault maps discovered:
D:1:      dpeg_arrival_rhombi, layout_basic
D:2:      layout_loops_ring, lemuel_doored_altar,
          gammafunk_temple_overflow_statue, minmay_joined_circles

Skill      XL: |  1  2 |
---------------+-------+-----
Hexes          | 5 |  5.1
Short Blades   | 2 |  2.1
Fighting       | |  0.6
Dodging        | |  2.1
Stealth        | |  4.8
Spellcasting   | |  2.1

Action                   || total
-------------------------++-------
Melee: Dagger            ||   118
       Bite              ||     9
 Cast: Corona            ||    27
       Ensorcelled Hiber ||     6
       Confusing Touch   ||     1
 Abil: Exsanguinate      ||     1
 Stab: Sleeping          ||     2
       Confused          ||     1
Armor: Robe              ||    19
Dodge: Dodged            ||    68
